 Dungeon Crawl Stone Soup version 0.31-a0-986-g5e6e4ef867 (webtiles) character file.

Game seed: 9776826768683819224

433 Lobster4 the Trooper (level 7, -4/61 HPs)
             Began as a Hill Orc Fighter on Nov 7, 2023.
             Was an Initiate of Okawaru.
             Succumbed to a water moccasin's poison
             ... on level 6 of the Dungeon.
             The game lasted 00:10:36 (3958 turns).

Lobster4 the Trooper (Hill Orc Fighter)             Turns: 3958, Time: 00:10:36

Health: -4/61      AC: 15    Str: 20    XL:     7   Next: 0%
Magic:  7/7        EV:  9    Int:  7    God:    Okawaru [......]
Gold:   263        SH: 14    Dex: 14    Spells: 6/6 levels left

rFire   + . .        a - +1 morningstar (protect)
rCold   . . .        c - +0 buckler
rNeg    . . .        k - +1 scale mail
rPois   .            (no helmet)
rElec   .            (no cloak)
rCorr   .            (no gloves)
SInv    .            (no boots)
Will    .....        h - amulet of reflection Stlth
                     q - ring of protection from fire
HPRegen 0.30/turn    (no ring)
MPRegen 0.10/turn

%: reflection
@: lethally poisoned (-4 -> -26), under a protective aura
A: large bone plates 1, agile 1
a: Renounce Religion


You were on level 6 of the Dungeon.
You worshipped Okawaru.
Okawaru was noncommittal.
You visited 1 branch of the dungeon, and saw 6 of its levels.

You collected 278 gold pieces.
You spent 15 gold pieces at shops.

Inventory:

Hand Weapons
 a - a +1 morningstar of protection (weapon)
 b - a +0 sling
 o - a +0 spear of venom
 x - a +0 war axe
Missiles
 f - 51 stones
 u - 15 poisoned darts (quivered)
 w - 5 boomerangs
Armour
 c - a +0 buckler (worn)
 k - a +1 scale mail (worn)
Jewellery
 h - an amulet of reflection (around neck)
 q - a ring of protection from fire (left hand)
 t - a ring of fire
Wands
 A - a wand of roots (10)
Scrolls
 l - 2 scrolls of identify {unknown}
 p - a scroll of enchant armour
 y - a scroll of teleportation {unknown}
 B - a scroll of revelation {unknown}
Potions
 d - a potion of might
 e - 2 potions of mutation
 g - a potion of resistance {unknown}
 i - a potion of lignification {unknown}
 m - a potion of curing {unknown}
 r - a potion of ambrosia {unknown}
 s - 2 potions of degeneration {unknown}
 v - 2 potions of haste {unknown}
 z - a potion of attraction {unknown}


   Skills:
 + Level 5.2 Fighting
 + Level 4.9 Axes
 + Level 1.6 Ranged Weapons
 + Level 0.4 Throwing
 + Level 4.9 Armour
 + Level 4.8 Shields
 + Level 0.8 Invocations
 + Level 0.1 Evocations


You had 6 spell levels left.
You didn't know any spells.
Your spell library contained the following spells:

 Spells                   Type           Power      Damage    Failure   Level
 Dimensional Bullseye     Hex/Tloc       0%         N/A       100%        4
 Iskenderun's Mystic Bla  Conj/Tloc      0%         2d3       100%        4
 Tukima's Dance           Hex            Unusable   N/A       N/A         3

Dungeon Overview and Level Annotations

Branches:
Dungeon (6/15)
 Temple: D:4-7

Altars:
Ashenzari
Kikubaaqudgha
Okawaru

Shops:
D:1 (


Innate Abilities, Weirdness & Mutations

You are partially covered in large bone plates. (SH +4)
You are agile. (Dex +4, Str/Int -1)


Message History

The water moccasin is heavily wounded.
The hound bites you but does no damage. You block the water moccasin's attack.
You block the hound's attack. The water moccasin closely misses you.
You hit the water moccasin.
The water moccasin is severely wounded.
You block the hound's attack. You block the water moccasin's attack.
The hound barely misses you. You block the water moccasin's attack.
You closely miss the water moccasin.
The water moccasin is severely wounded.
You block the hound's attack. The water moccasin bites you.
You block the hound's attack. The water moccasin bites you.
You are poisoned.
The water moccasin poisons you! You block the hound's attack.
You barely miss the water moccasin.
The water moccasin is severely wounded.
You feel very sick. You block the hound's attack.
You block the water moccasin's attack. The hound bites you.
The water moccasin bites you.
You are more poisoned.
The water moccasin poisons you!
You hit the water moccasin.
The water moccasin is severely wounded.
You feel extremely sick. The hound barely misses you.
The water moccasin bites you.
* * * LOW HITPOINT WARNING * * *
You are more poisoned.
The water moccasin poisons you! You block the hound's attack.
The water moccasin bites you but does no damage.
You closely miss the water moccasin.
The water moccasin is severely wounded.
* * * LOW HITPOINT WARNING * * *
You feel extremely sick. You block the hound's attack.
The water moccasin bites you but does no damage.
The hound bites you.
* * * LOW HITPOINT WARNING * * *
The water moccasin bites you but does no damage.
You closely miss the water moccasin.
The water moccasin is severely wounded.
You die...

### .#. #.. ... ...
####.####.. .. ##.....
..# .# # #
##.....####.##)#.# "#
.##...#........... .#
...........##.#.###..#
###.####.?<†....#....#
##.###...@S#
#..##....h......
##.##....[......
#.##...###.....
#.##...# .....
#....... ....
#.>#..##. #.. ..###.#
.# .. ###


You could see a water moccasin and a hound.

Vanquished Creatures
  A scorpion (D:4)
  A sleepcap (D:4)
  An orc priest (D:5)
  Ijyb (D:5)
  3 orc wizards
  8 gnolls
  3 adders
  3 worms
  3 dart slugs
  6 orcs
  3 ball pythons
  7 endoplasms
  4 giant cockroaches
  6 hobgoblins
  7 jackals
  5 quokkas
  8 bats
  3 frilled lizards
  8 goblins
  10 kobolds
  7 rats
98 creatures vanquished.

Vanquished Creatures (others)
  An orc wizard (D:5)
1 creature vanquished.

Grand Total: 99 creatures vanquished

Notes
Turn   | Place    | Note
-------+----------+-------------------------------------------
     0 | D:1      | Lobster4 the Hill Orc Fighter began the quest for the Orb.
     0 | D:1      | Reached XP level 1. HP: 19/19 MP: 1/1
   126 | D:1      | Reached XP level 2. HP: 27/27 MP: 2/2
   378 | D:1      | Reached skill level 4 in Fighting
   381 | D:1      | Found Qakuasob's Weapon Shoppe.
   390 | D:1      | Bought a +0 sling for 15 gold pieces
   457 | D:1      | Reached XP level 3. HP: 33/33 MP: 3/3
  1119 | D:1      | HP: 1/33 [gnoll/+0 halberd (9)]
  1120 | D:1      | Gained mutation: You are agile. (Dex +4, Str/Int -1)
                  | [potion of mutation]
  1120 | D:1      | Gained mutation: You are partially covered in large bone
                  | plates. (SH +4) [potion of mutation]
  1122 | D:1      | Reached XP level 4. HP: 2/40 MP: 4/4
  1790 | D:3      | Reached XP level 5. HP: 47/47 MP: 5/5
  2427 | D:4      | Reached skill level 1 in Ranged Weapons
  2427 | D:4      | Reached XP level 6. HP: 55/55 MP: 6/6
  2596 | D:4      | Reached skill level 5 in Fighting
  3082 | D:5      | Entered Level 5 of the Dungeon
  3193 | D:5      | Found an ancient bone altar of Kikubaaqudgha.
  3193 | D:5      | Found a broken altar of Ashenzari.
  3194 | D:5      | Found an iron altar of Okawaru.
  3204 | D:5      | Became a worshipper of Warmaster Okawaru
  3705 | D:5      | Noticed Ijyb
  3716 | D:5      | Killed Ijyb
  3935 | D:6      | Reached XP level 7. HP: 61/61 MP: 7/7
  3957 | D:6      | HP: 1/61 [hound (3)]
  3958 | D:6      | Succumbed to a water moccasin's poison

Illustrated notes

Levels and vault maps discovered:
D:1:      heliophobic_arrival_henge, layout_rooms, serial_glass,
          glass_columns_a, glass_columns_a, serial_shops, shop
D:2:      layout_basic, serial_curves, eino_curves_04, eino_curves_02
D:3:      minmay_skewed_foursquare, layout_basic
D:4:      layout_basic
D:5:      layout_loops_ring, gammafunk_temple_overflow_claw, uniq_ijyb
D:6:      layout_rooms, lemuel_coloured_pillars_altar, nzn_random_ring

Skill      XL: |  1  2  3  4  5  6 |
---------------+-------------------+-----
Axes           | 3 4 |  4.9
Fighting       | 4 5 |  5.2
Armour         | 4 |  4.9
Shields        | 4 |  4.8
Ranged Weapons | 1 |  1.6
Throwing       | |  0.4
Invocations    | |  0.8
Evocations     | |  0.1

Action                     |  1- 3 |  4- 6 |  7- 9 || total
---------------------------+-------+-------+-------++-------
  Melee: War axe           |    56 |    49 |       ||   105
         Morningstar       |       |    88 |    17 ||   105
   Fire: Sling             |    45 |    74 |       ||   119
  Throw: Dart              |       |     5 |       ||     5
    Use: Potion            |     1 |       |       ||     1
         Scroll            |       |     6 |       ||     6
 Armour: Scale mail        |    32 |    75 |    23 ||   130
  Dodge: Dodged            |    28 |    44 |     8 ||    80
  Block: Buckler           |    36 |   126 |    30 ||   192
         Reflection        |       |     4 |       ||     4

Table legend: (Time is in decaauts)
 A = Elapsed time spent in this place.
 B = Non-inter-level travel time spent in this place.
 C = Inter-level travel time spent in this place.
 D = Time resting spent in this place.
 E = Time spent auto-exploring this place.
 F = Levels seen in this place.
 G = Mean time per level.
                   A        B        C        D        E       F      G
               +--------+--------+--------+--------+--------+-----+--------+
         Total |   4100 |   3966 |    134 |    442 |   2616 |   6 |  683.3 |
       Dungeon |   4100 |   3966 |    134 |    442 |   2616 |   6 |  683.3 |
               +--------+--------+--------+--------+--------+-----+--------+

Top non-repeatable levels by time:
     D:4: 1047 daAuts
     D:1: 803 daAuts
     D:2: 802 daAuts
     D:5: 796 daAuts
     D:3: 595 daAuts
     D:6: 55 daAuts
